 Dungeon Crawl Stone Soup version 0.24.0-123-gd5b16e6ec5 (webtiles) character file.

Game seed: 14187106958840557551, levelgen mode: deterministic

93 Ponchio the Digger (level 4, -8/24 HPs)
             Began as a Deep Elf Earth Elementalist on Jan 16, 2020.
             Mangled by an orc warrior
             ... wielding a +1 trident of freezing
              (10 damage)
             ... on level 3 of the Dungeon.
             The game lasted 00:05:42 (1567 turns).

Ponchio the Digger (Deep Elf Earth Elementalist)    Turns: 1567, Time: 00:05:43

Health: -8/24      AC:  4    Str:  5    XL:     4   Next: 37%
Magic:  12/12      EV: 13    Int: 24    God:
Gold:   95         SH:  0    Dex: 15    Spells: 1/11 levels left

rFire    . . .     SeeInvis .   g - +0 dagger
rCold    . . .     Gourm    .   (no shield)
rNeg     . . .     Faith    .   c - +0 robe
rPois    .         Spirit   .   e - +1 helmet {Int+3}
rElec    .         Reflect  .   (no cloak)
rCorr    .         Harm     .   (no gloves)
MR       .....                  (no boots)
Stlth    ++........             l - amulet of regeneration
HPRegen  0.48/turn              (no ring)
MPRegen  0.13/turn              (no ring)

@: no status effects
A: no striking features
a: no special abilities


You were on level 3 of the Dungeon.
You were not hungry.

You visited 1 branch of the dungeon, and saw 3 of its levels.

You collected 95 gold pieces.

Inventory:

Hand Weapons
 g - a +0 dagger (weapon)
Missiles
 b - 24 stones (quivered)
Armour
 c - a +0 robe (worn)
 e - a +1 helmet of intelligence (worn)
Jewellery
 l - an amulet of regeneration (around neck)
Scrolls
 f - a scroll of noise {unknown}
 i - a scroll of blinking {unknown}
 j - a scroll of fear {unknown}
 o - a scroll of identify {unknown}
 p - a scroll of remove curse
Potions
 a - 2 potions of cancellation {unknown}
 h - a potion of lignification {unknown}
 k - a potion of curing {unknown}
 m - 2 potions of degeneration {unknown}
Comestibles
 d - 4 rations
 n - 3 chunks of flesh


   Skills:
 - Level 2.4 Dodging
 - Level 2.4 Stealth
 + Level 4.3 Spellcasting
 - Level 1.1 Transmutations
 * Level 5.1 Earth Magic


You had one spell level left.
You knew the following spells:

 Your Spells              Type           Power        Failure   Level  Hunger
a - Sandblast             Erth           ####..       1%          1    None
b - Passwall              Tmut/Erth      ###.....     4%          2    None
c - Stone Arrow           Conj/Erth      ###...       10%         3    ##.....
d - Petrify               Tmut/Erth      ###.....     26%         4    ####...

Your spell library contained the following spells:

 Spells                   Type           Power        Failure   Level  Hunger
 Confusing Touch          Hex            #.....       10%         1    None
 Confuse                  Hex            #.......     28%         3    ##.....
 Gell's Gravitas          Tloc           #.........   28%         3    ##.....
 Lee's Rapid Deconstruct  Erth           ####......   32%         5    #####..
 Yara's Violent Unravell  Hex/Tmut       #.........   91%         5    #####..
 Metabolic Englaciation   Hex/Ice        #.........   95%         5    #####..


Dungeon Overview and Level Annotations

Branches:
Dungeon (3/15)

Altars:


Message History

Found a stone staircase leading down.
There is an open door here. 2 orcs come into view.
The orc moves out of view.
The orc priest shouts!
The orc warrior hits you from afar with a +1 trident of freezing!
The orc warrior freezes you.
The hobgoblin shouts!
The orc priest invokes the aid of Beogh against you.
Beogh smites you!
There is an open door here.
There is an open door here.
There is an open door here.
There is a stone staircase leading up here.
The orc priest miscasts a cantrip.
The orc warrior hits you from afar with a +1 trident of freezing!!
Ouch! That really hurt!
* * * LOW HITPOINT WARNING * * *
The orc warrior freezes you!
You die...

### # #.. .# ####.#
###.## ..##.# #.. .
..##.# #.#.#
..##.###########.#.#####
..'......o....o.........
..##.#.....)o..g@#.#.##
..##.#.######.##.#
..##.#.# #.##.# ..##.#.#
#.##.# ..##[#.# #.##.#
####.... .....# ###.#
#.#..# #.# #.#### #.#


You could see an orc warrior, an orc priest, an orc and a hobgoblin.

Vanquished Creatures
  Terence (D:2)
  2 adders (D:2)
  An ooze (D:1)
  2 worms
  2 dart slugs (D:1)
  A leopard gecko (D:2)
  8 bats
  A giant cockroach (D:3)
  A goblin (D:2)
  6 hobgoblins
  5 kobolds
  2 ball pythons (D:1)
  2 frilled lizards (D:2)
  A quokka skeleton (D:2)
  3 rats
38 creatures vanquished.

Notes
Turn   | Place    | Note
-------+----------+-------------------------------------------
     0 | D:1      | Ponchio the Deep Elf Earth Elementalist began the quest for
                  | the Orb.
     0 | D:1      | Reached XP level 1. HP: 10/10 MP: 6/6
    87 | D:1      | Reached XP level 2. HP: 15/15 MP: 4/8
   168 | D:1      | Reached skill level 4 in Earth Magic
   852 | D:2      | Reached XP level 3. HP: 19/19 MP: 7/10
  1069 | D:2      | Noticed Terence
  1094 | D:2      | Killed Terence
  1094 | D:2      | Reached XP level 4. HP: 12/24 MP: 3/12
  1149 | D:2      | Learned a level 2 spell: Passwall
  1153 | D:2      | Learned a level 3 spell: Stone Arrow
  1158 | D:2      | Learned a level 4 spell: Petrify
  1261 | D:2      | Reached skill level 5 in Earth Magic
  1532 | D:3      | Noticed an orc warrior
  1567 | D:3      | Mangled by an orc warrior

Levels and vault maps discovered:
D:1:      onia_arrival_handbag, layout_basic, minivault_11,
          corexii_hall_statues_l, minmay_pentomino_x2
D:2:      layout_loops_cross, uniq_terence
D:3:      layout_basic, saegor_snake_ambush, uniq_sigmund

Skill      XL: |  1  2  3  4 |
---------------+-------------+-----
Earth Magic    | 4 5 |  5.1
Spellcasting   | 4 |  4.3
Dodging        | |  2.4
Stealth        | |  2.4
Transmutations | |  1.1

Action                   |  1- 3 |  4- 6 || total
-------------------------+-------+-------++-------
Melee: Dagger            |    13 |     1 ||    14
 Cast: Sandblast         |    34 |    16 ||    50
  Use: Scroll            |     1 |       ||     1
 Stab: Sleeping          |     4 |       ||     4
  Eat: Chunk             |       |     2 ||     2
Armor: Robe              |     4 |     1 ||     5
Dodge: Dodged            |    17 |     5 ||    22
